 Dungeon Crawl Stone Soup version 0.31-a0-175-g9f7f995f2b (webtiles) character file.

Game seed: 1265563882360013250

53 innerfire43 the Shooter (level 3, 0/20 (22) HPs)
             Began as a Deep Elf Fighter on June 16, 2023.
             Slain by a goblin
             ... wielding a +0 dagger
             ... led by Robin
              (1 damage)
             ... on level 2 of the Dungeon.
             The game lasted 00:01:54 (1298 turns).

innerfire43 the Shooter (Deep Elf Fighter)          Turns: 1298, Time: 00:01:54

HP:   0/20 (22)     AC:  6    Str: 15    XL:     3   Next: 64%
MP:   5/5           EV:  9    Int: 12    God:
Gold: 40            SH:  4    Dex: 14    Spells: 2/2 levels left

rFire   . . .        e - +0 sling (flame)
rCold   . . .        c - +0 buckler
rNeg    . . .        b - +0 scale mail
rPois   .            (no helmet)
rElec   .            (no cloak)
rCorr   .            (no gloves)
SInv    .            (no boots)
Will    .....        (no amulet) Stlth
                     (no ring)
HPRegen 0.23/turn    (no ring)
MPRegen 0.09/turn

%: no passive effects
@: drained
A: no striking features
a: no special abilities


You were on level 2 of the Dungeon.
You visited 1 branch of the dungeon, and saw 2 of its levels.

You collected 40 gold pieces.

Inventory:

Hand Weapons
 a - a +0 rapier
 e - a +0 sling of flaming (weapon)
 l - a +1 dagger of draining
Armour
 b - a +0 scale mail (worn)
 c - a +0 buckler (worn)
Jewellery
 i - a ring of ice
Wands
 j - a wand of mindburst (20)
Potions
 d - a potion of might
 g - a potion of lignification {unknown}
 h - a potion of magic {unknown}
 k - a potion of enlightenment {unknown}


   Skills:
 + Level 2.6 Fighting
 - Level 2.0 Short Blades
 * Level 3.4 Ranged Weapons
 + Level 2.5 Armour
 * Level 0.8 Dodging
 + Level 2.5 Shields


You had 2 spell levels left.
You didn't know any spells.
Your spell library contained the following spells:

 Spells                   Type           Power      Damage    Failure   Level
 Animate Dead             Necr           0%         N/A       100%        4
 Haunt                    Necr/Summ      0%         N/A       100%        7
 Infestation              Necr           0%         N/A       100%        8


Dungeon Overview and Level Annotations

Branches:
Dungeon (2/15)

Altars:

Annotations:
D:2 Robin


Message History

You shoot a sling bullet.
The sling bullet barely misses the goblin.
Robin throws the goblin at you! The goblin hits you but does no damage.
The goblin closely misses you.
The goblin shoots a sling bullet.
You block the sling bullet.
You don't know any spells.
You shoot a sling bullet. The sling bullet hits the goblin.
The sling bullet burns the goblin.
The goblin is severely wounded.
The goblin hits you but does no damage. The goblin closely misses you.
A goblin comes into view. It is wielding a +0 dagger.
Robin throws the goblin at you! The goblin hits you with a +0 club.
The goblin hits you with a +0 dagger. You block the goblin's attack.
The goblin unwields a +0 sling.
The goblin wields a +0 dagger.
The goblin hits you but does no damage.
You are too injured to fight recklessly!
You shoot a sling bullet.
The sling bullet closely misses the goblin.
The goblin hits you with a +0 club.
* * * LOW HITPOINT WARNING * * *
The goblin hits you but does no damage. x2; The jackal barely misses you.
The goblin hits you with a +0 dagger.
* * * LOW HITPOINT WARNING * * *
The goblin attacks as you move away! You block the goblin's attack.
The jackal completely misses you. You block the goblin's attack.
The jackal bites you but does no damage.
The goblin attacks as you move away! The goblin hits you but does no damage.
The hobgoblin hits you.
* * * LOW HITPOINT WARNING * * *
You block the goblin's attack. The jackal barely misses you.
The jackal attacks as you move away! The jackal closely misses you.
The hobgoblin attacks as you move away! You block the hobgoblin's attack.
Robin throws the goblin at you! You block the goblin's attack.
The goblin hits you but does no damage. x2
You shoot a sling bullet. The sling bullet hits the goblin.
The sling bullet burns the goblin.
The goblin is heavily wounded.
The jackal bites you but does no damage.
You block the goblin's attack. The goblin hits you with a +0 dagger.
You die...

..............#♣.♣.#
#...#....##...'.♣♣♣#
##.....#..<...#♣.♣.#
.#.##.......(.#♣..♣#
...#####......#####
....#######.......########
###...........)...........
###########..gg#########
#####.gg@# #......gh#
#..###..gg# ###g## #..
.... .....g .......
#........


You could see Robin, a jackal, 2 hobgoblins and 5 goblins.

Vanquished Creatures
  An adder (D:2)
  A worm (D:2)
  A dart slug (D:1)
  5 ball pythons (D:1)
  3 endoplasms (D:1)
  3 giant cockroaches
  2 goblins (D:2)
  5 jackals
  4 kobolds
  A quokka (D:2)
  2 bats (D:1)
  3 frilled lizards (D:1)
  7 rats
38 creatures vanquished.

Notes
Turn   | Place    | Note
-------+----------+-------------------------------------------
     0 | D:1      | innerfire43 the Deep Elf Fighter began the quest for the
                  | Orb.
     0 | D:1      | Reached XP level 1. HP: 13/13 MP: 3/3
    92 | D:1      | Reached skill level 1 in Ranged Weapons
    92 | D:1      | Reached XP level 2. HP: 16/18 MP: 4/4
   582 | D:1      | Reached skill level 2 in Ranged Weapons
   598 | D:1      | Reached XP level 3. HP: 22/22 MP: 5/5
  1174 | D:2      | Reached skill level 3 in Ranged Weapons
  1288 | D:2      | Noticed Robin
  1296 | D:2      | HP: 1/20 [hobgoblin[Robin] (3)]
  1298 | D:2      | Slain by a goblin

Illustrated notes

Levels and vault maps discovered:
D:1:      dpeg_arrival_lava_temple_mockup, layout_basic
D:2:      layout_rooms, minmay_misc_feat_room, chequers_arboretum,
          minmay_misc_feat_x, uniq_robin

Skill      XL: |  1  2  3 |
---------------+----------+-----
Ranged Weapons | 1 2 3 |  3.4
Fighting       | |  2.6
Short Blades   | |  2.0
Armour         | |  2.5
Dodging        | |  0.8
Shields        | |  2.5

Action                     || total
---------------------------++-------
  Melee: Rapier            ||     3
   Fire: Sling             ||   109
    Use: Scroll            ||     1
 Armour: Scale mail        ||    42
  Dodge: Dodged            ||    42
  Block: Buckler           ||    20

Table legend: (Time is in decaauts)
 A = Elapsed time spent in this place.
 B = Non-inter-level travel time spent in this place.
 C = Inter-level travel time spent in this place.
 D = Time resting spent in this place.
 E = Time spent auto-exploring this place.
 F = Levels seen in this place.
 G = Mean time per level.
                   A        B        C        D        E       F      G
               +--------+--------+--------+--------+--------+-----+--------+
         Total |   1359 |   1228 |    131 |      0 |    967 |   2 |  679.5 |
       Dungeon |   1359 |   1228 |    131 |      0 |    967 |   2 |  679.5 |
               +--------+--------+--------+--------+--------+-----+--------+

Top non-repeatable levels by time:
     D:1: 1090 daAuts
     D:2: 268 daAuts
